Map: Romanticide LE

Players

Astrea - Winner!

  • Race: Protoss Protoss
  • League: Master

Nina

  • Race: Protoss Protoss
  • League: Grandmaster

Event: DreamHack SC2 Masters 2021 Summer

VOD

Have the link to the VOD?

Description

Time

  • Played on: May 29, 2021, 3:47 p.m.
  • Length: 13:14

All games in this series

Show
View Real Time Build Order
Export as new Build Order

Astrea Protoss - Winner!

Build Orders: Phoenix Opening, Blink Stalkers 

Get SALT Encoding   

  12  0:00  Probe  
  13  0:12  Probe  
  14  0:17  Pylon  
  14  0:24  Probe (Chrono Boost)  
  15  0:36  Probe (Chrono Boost), Gateway  
  16  0:44  Probe (Chrono Boost)  
  16  0:45  Assimilator  
  17  0:51  Probe  
  17  0:53  Assimilator  
  18  1:03  Probe (Chrono Boost)  
  19  1:07  Gateway  
  20  1:12  Probe (Chrono Boost)  
  20  1:17  Probe (Chrono Boost)  
  20  1:24  Cybernetics Core  
  21  1:29  Probe  
  22  1:33  Pylon  
  22  1:41  Probe  
  23  1:53  Probe  
  24  1:59  Warp Gate (Chrono Boost)  
  28  2:01  Sentry  
  28  2:05  Probe  
  27  2:17  Nexus  
  27  2:20  Probe  
  28  2:23  Sentry  
  28  2:29  Pylon  
  30  2:33  Probe  
  30  2:35  Phoenix  
  31  2:47  Probe, Shield Battery, Sentry  
  34  2:53  Stalker  
  35  2:59  Probe  
  36  3:06  Twilight Council  
  36  3:11  Probe  
  37  3:15  Pylon  
  37  3:20  Phoenix  
  37  3:23  Probe  
  38  3:32  Phoenix, Forge  
  38  3:33  Probe  
  39  3:37  Blink (Chrono Boost)  
  39  3:38  Probe  
  40  3:46  Probe  
  41  3:50  Probe  
  41  3:52  Stalker  
  44  4:00  Stalker  
  46  4:03  Probe  
  46  4:05  Probe  
  46  4:06  Protoss Ground Weapons Level 1 (Chrono Boost)  
  48  4:15  Probe  
  49  4:17  Probe, Stalker  
  52  4:27  Probe  
  52  4:29  Probe  
  54  4:34  Pylon  
  54  4:39  Probe, Stalker  
  54  4:40  Stalker  
  54  4:41  Probe  
  60  4:51  Probe  
  61  4:55  Probe  
  61  4:57  Robotics Facility  
  62  5:00  Assimilator  
  62  5:03  Probe  
  62  5:04  Stalker  
  65  5:07  Stalker  
  65  5:13  Pylon x2  
  67  5:24  Nexus  
  67  5:31  Stalker x2  
  71  5:44  Probe  
  71  5:46  Probe  
  71  5:55  Stalker  
  71  5:56  Stalker  
  71  5:57  Probe  
  72  5:59  Probe  
  72  6:00  Protoss Ground Weapons Level 2 (Chrono Boost)  
  72  6:03  Observer  
  74  6:06  Gateway x2  
  74  6:09  Probe  
  74  6:11  Probe  
  76  6:12  Charge  
  72  6:21  Probe, Adept  
  72  6:22  Adept  
  72  6:23  Probe  
  78  6:29  Gateway x2  
  78  6:33  Probe  
  78  6:35  Probe  
  78  6:38  Probe  
  81  6:45  Probe  
  82  6:47  Probe  
  82  6:48  Observer  
  82  6:50  Nexus  
  82  6:51  Probe  
  85  6:57  Probe  
  85  6:59  Probe  
  83  7:03  Probe  
  84  7:09  Observer, Probe, Gateway  
  84  7:10  Gateway  
  84  7:13  Templar Archives, Adept x2  
  84  7:15  Probe x2  
  91  7:17  Assimilator  
  91  7:19  Pylon  
  91  7:21  Probe  
  92  7:23  Pylon  
  92  7:24  Observer  
  92  7:25  Gateway, Zealot  
  92  7:27  Probe  
  92  7:28  Gateway  
  95  7:34  Probe x2  
  97  7:39  Probe, Zealot x4  
  97  7:40  Shield Battery  
  106  7:44  Zealot  
  106  7:49  Immortal (Chrono Boost)  
  108  7:54  Probe x2, Pylon, Protoss Ground Weapons Level 3 (Chrono Boost)  
  108  7:55  Probe, Pylon  
  115  8:07  Zealot x4  
  115  8:11  Probe  
  124  8:13  Assimilator  
  124  8:14  High Templar  
  124  8:15  High Templar  
  124  8:17  Zealot x2  
  124  8:19  Archon  
  132  8:28  Pylon  
  132  8:32  Zealot x5, Pylon  
  142  8:36  Pylon  
  142  8:40  High Templar  
  142  8:41  High Templar, Zealot  
  148  8:43  Photon Cannon  
  148  8:44  Pylon  
  148  8:45  Archon, Pylon  
  148  8:47  Photon Cannon  
  148  8:48  Photon Cannon  
  148  8:49  Observer  
  146  8:59  Zealot x6  
  158  9:03  Assimilator  
  156  9:12  Zealot x2  
  156  9:13  Zealot x2  
  163  9:19  Observer  
  163  9:20  High Templar x2, Zealot x4  
  174  9:24  Archon  
  174  9:33  Zealot x4  
  174  9:43  High Templar x2  
  174  9:44  Zealot  
  180  9:48  Pylon x3  
  180  9:49  Archon  
  180  9:53  Gateway  
  180  9:55  Gateway  
  168  10:00  Zealot x7  
  168  10:03  Immortal  
  161  10:11  Zealot  
  143  10:17  Stalker x2  
  145  10:22  Photon Cannon  
  145  10:25  Zealot x7  
  159  10:31  Protoss Shields Level 1 (Chrono Boost)  
  159  10:35  Observer  
  159  10:42  Warp Prism, Zealot x3  
  159  10:53  Zealot x9  
  175  11:00  Photon Cannon  
  175  11:11  Nexus  
  175  11:15  Pylon  
  175  11:17  Warp Prism  
  177  11:20  Zealot  
  177  11:21  Zealot x5  
  177  11:25  Zealot x2  
  186  11:34  Probe x4  
  188  11:40  High Templar x4  
  188  11:41  High Templar x2  
  188  11:44  Archon  
  188  11:45  Archon x2  
  195  12:06  Zealot x6  
  175  12:13  Zealot x4  
  179  12:18  Zealot x2  
  165  12:27  Robotics Bay  
  165  12:29  Robotics Facility  
  157  12:30  Zealot x6  
  157  12:31  Robotics Facility  
  135  12:47  Zealot x6  
  135  12:49  Probe x2  
  131  12:56  Zealot x5  
  131  12:57  Probe, Zealot  
  131  12:58  Probe x2  
  140  13:01  Probe  
  127  13:08  Zealot x5  
  127  13:09  Zealot  
Show
View Real Time Build Order
Export as new Build Order

Nina Protoss 

Build Orders:  

Get SALT Encoding   

  12  0:00  Probe  
  13  0:12  Probe  
  14  0:17  Pylon  
  14  0:24  Probe (Chrono Boost)  
  15  0:36  Probe (Chrono Boost)  
  15  0:37  Gateway  
  16  0:45  Probe (Chrono Boost)  
  17  0:51  Probe, Assimilator  
  18  0:58  Assimilator  
  18  1:03  Probe (Chrono Boost)  
  19  1:10  Gateway  
  19  1:13  Probe (Chrono Boost)  
  19  1:18  Probe (Chrono Boost)  
  20  1:25  Cybernetics Core  
  21  1:29  Probe  
  22  1:33  Pylon  
  22  1:41  Probe  
  23  1:53  Probe  
  24  2:02  Stalker x2  
  24  2:05  Probe  
  29  2:08  Warp Gate  
  29  2:13  Pylon  
  29  2:17  Probe  
  31  2:30  Probe  
  31  2:33  Stalker x2  
  35  2:42  Probe  
  35  2:44  Pylon  
  36  2:56  Nexus  
  36  2:59  Probe  
  37  3:07  Sentry  
  41  3:12  Sentry  
  41  3:13  Probe  
  42  3:26  Probe  
  43  3:38  Twilight Council  
  43  3:39  Probe  
  44  3:44  Nexus  
  44  3:51  Probe (Chrono Boost)  
  45  3:56  Forge  
  46  4:03  Probe (Chrono Boost)  
  46  4:10  Probe (Chrono Boost)  
  46  4:11  Probe (Chrono Boost), Blink (Chrono Boost)  
  48  4:18  Probe  
  48  4:22  Probe  
  50  4:25  Stalker  
  50  4:29  Stalker  
  54  4:31  Probe  
  54  4:34  Probe  
  54  4:35  Protoss Ground Weapons Level 1 (Chrono Boost)  
  56  4:44  Probe  
  57  4:48  Probe, Stalker  
  57  4:49  Shield Battery  
  60  4:54  Stalker  
  60  4:56  Pylon  
  60  4:58  Probe  
  63  5:03  Gateway  
  63  5:04  Probe  
  64  5:07  Probe  
  64  5:10  Probe  
  66  5:15  Assimilator  
  66  5:16  Sentry  
  66  5:17  Probe  
  66  5:19  Probe  
  69  5:22  Shield Battery  
  69  5:23  Probe  
  69  5:26  Stalker  
  72  5:32  Probe  
  72  5:34  Probe  
  74  5:42  Stalker  
  69  5:51  Probe  
  69  5:53  Stalker  
  69  5:56  Probe  
  70  5:57  Probe  
  70  5:59  Gateway  
  70  6:01  Robotics Facility  
  70  6:03  Probe, Gateway, Zealot  
  70  6:04  Shield Battery  
  74  6:08  Probe, Stalker  
  74  6:10  Probe  
  78  6:16  Probe  
  78  6:17  Stalker  
  79  6:20  Probe  
  79  6:22  Probe  
  79  6:24  Gateway  
  81  6:28  Probe  
  81  6:30  Photon Cannon  
  83  6:32  Probe  
  83  6:33  Stalker  
  83  6:37  Pylon  
  83  6:39  Protoss Ground Weapons Level 2 (Chrono Boost)  
  85  6:40  Pylon  
  85  6:43  Photon Cannon  
  85  6:52  Probe  
  85  6:54  Probe  
  85  6:55  Probe  
  85  6:56  Stalker x2  
  89  7:04  Stalker  
  89  7:06  Probe  
  93  7:08  Phoenix, Pylon  
  93  7:10  Probe  
  93  7:11  Pylon  
  93  7:12  Pylon  
  93  7:17  Gateway  
  93  7:20  Gateway  
  93  7:22  Gateway  
  93  7:24  Gateway, Assimilator  
  93  7:25  Charge (Chrono Boost)  
  93  7:27  Observer, Assimilator  
  94  7:32  Stalker  
  94  7:33  Stalker  
  94  7:36  Zealot  
  100  7:41  Zealot x2  
  104  7:45  Pylon  
  104  7:47  Zealot  
  104  7:48  Pylon  
  106  7:51  Warp Prism (Chrono Boost), Pylon  
  108  8:00  Templar Archives  
  108  8:05  Zealot x2  
  108  8:10  Zealot x2  
  116  8:18  Photon Cannon  
  116  8:20  Zealot  
  116  8:21  Pylon, Assimilator  
  118  8:29  Zealot x3  
  124  8:38  Zealot x3  
  130  8:45  Pylon  
  130  8:46  Pylon  
  130  8:49  High Templar x4  
  130  8:50  Zealot  
  130  8:54  Archon x2  
  130  8:55  Zealot x2  
  142  8:59  Zealot  
  142  9:14  High Templar x2  
  146  9:17  High Templar  
  146  9:18  High Templar  
  146  9:19  Archon  
  146  9:20  Zealot x3  
  146  9:21  Zealot x2  
  146  9:22  Archon  
  156  9:37  Zealot x6  
  146  9:42  Zealot  
  146  9:43  Stalker  
  146  10:06  Stalker x7  
  138  10:12  Zealot x3  
  128  10:17  Probe  
  128  10:20  Robotics Bay  
  129  10:22  Robotics Facility  
  129  10:31  Nexus  
  129  10:32  Probe  
  130  10:41  Zealot x4  
  134  10:59  Probe  
  134  11:02  Robotics Facility  
  134  11:03  Pylon  
  135  11:08  Zealot x3  
  135  11:09  Zealot x4  
  147  11:11  Disruptor  
  147  11:17  High Templar  
  147  11:18  High Templar, Disruptor  
  154  11:24  Archon  
  152  11:30  High Templar x5  
  154  11:35  Archon x2  
  154  11:38  High Templar  
  154  11:39  Probe  
  149  11:43  Archon  
  147  11:53  Nexus  
  147  11:54  Zealot x4  
  147  11:59  Disruptor  
  158  12:01  Disruptor  
  158  12:08  Zealot x5  
  135  12:12  Disruptor (Chrono Boost)  
  135  12:14  Zealot x2  
  140  12:16  Zealot  
  140  12:22  Zealot  
  119  12:33  Zealot x2  
  119  12:42  Zealot  
  111  12:44  Disruptor (Chrono Boost)  
  111  12:45  Probe  
  111  12:49  Probe  
  95  12:52  Zealot x2  
  87  12:58  Zealot x2  
  87  13:03  Zealot  
Tags
 
Add a new tag
Caveats
  • Supply blocks, unpowered buildings, or Contaminate may cause inaccurate times.
  • Supply counts are checked every 10 seconds.